 Seeded DCSS version 0.28-a0-1130-gc51a68064b (webtiles) character file.

Game seed: 20211204 (custom seed)

1343 a11behringer the Cudgeller (level 8, -1/78 HPs)
             Began as a Troll Berserker on Dec 12, 2021.
             Was a Priest of Trog.
             Slain by a water moccasin (4 damage)
             ... on level 5 of the Dungeon.
             The game lasted 00:16:05 (5239 turns).

a11behringer the Cudgeller (Troll Berserker)        Turns: 5239, Time: 00:16:05

Health: -1/78      AC: 14    Str: 28    XL:     8   Next: 35%
Magic:  7/7        EV:  8    Int:  3    God:    Trog [***...]
Gold:   210        SH:  0    Dex:  9    Spells: 7/7 levels left

rFire   . . .      SeeInvis .   a - +1 mace
rCold   . . .      Faith    .   (no shield)
rNeg    + . .      Spirit   .   g - +0 pearl dragon scales
rPois   .          Reflect  .   (helmet restricted)
rElec   .          Harm     .   (no cloak)
rCorr   .          Rampage  .   (gloves unavailable)
Will    ++...                   (boots unavailable)
Stlth   ..........              (no amulet)
HPRegen 2.03/turn               (no ring)
MPRegen 0.10/turn               (no ring)

@: lethally poisoned (-1 -> -1), strong-willed, regenerating
A: large, unfitting armour, claws 3, regeneration 1, shaggy fur 1, tough skin 1
a: Renounce Religion, Berserk, Trog's Hand


You were on level 5 of the Dungeon.
You worshipped Trog.
Trog was most pleased with you.
You visited 1 branch of the dungeon, and saw 6 of its levels.
You also visited: Sewer.

You collected 210 gold pieces.

Inventory:

Hand Weapons
 a - a +1 mace (weapon)
 f - a +0 whip
 y - a +0 flail
Missiles
 m - 4 boomerangs (quivered)
 r - 6 javelins
Armour
 b - a +0 animal skin
 g - +0 pearl dragon scales (worn)
Jewellery
 i - a ring of positive energy
 l - an amulet of magic regeneration
 A - an amulet of guardian spirit
Wands
 o - a wand of flame (6)
Scrolls
 e - 2 scrolls of silence
 h - 2 scrolls of fog
 k - 3 scrolls of identify
 n - 3 scrolls of blinking
 s - a scroll of fear
 u - a scroll of holy word {unknown}
 w - a scroll of brand weapon
 x - a scroll of teleportation
Potions
 c - 3 potions of mutation {unknown}
 d - 2 potions of attraction {unknown}
 j - 2 potions of lignification {unknown}
 p - 5 potions of degeneration
 q - a potion of magic {unknown}
 t - 2 potions of curing {unknown}
 v - 4 potions of flight
 B - 2 potions of brilliance {unknown}
 C - a potion of might
 D - a potion of heal wounds {unknown}


   Skills:
 + Level 3.8 Fighting
 * Level 7.2 Maces & Flails
 * Level 4.4 Armour
 + Level 3.2 Dodging


You had 7 spell levels left.
You didn't know any spells.
Your spell library was empty.

Dungeon Overview and Level Annotations

Branches:
Dungeon (6/15)             Temple (0/1) D:4           Sewer (visited)

Altars:
Makhleb
Zin

Shops:
D:1 !   D:2 =   D:3 *


Innate Abilities, Weirdness & Mutations

You are too large for most types of armour.
You have claws for hands.
Your natural rate of healing is unusually fast.
You are covered in fur. (AC +1)
You have tough skin. (AC +1)


Message History

There is a stone staircase leading down here.
Your skin crawls.
You feel strong-willed.
You feel sick.
The water moccasin bites you but does no damage.
The white imp gestures at you. The puff of frost hits you.
* * * LOW HITPOINT WARNING * * *
The water moccasin closely misses you.
You closely miss the white imp.
You feel sick.
The water moccasin bites you but does no damage.
The white imp barely misses you.
You hit the white imp.
The white imp is moderately wounded.
You feel sick. The water moccasin bites you.
* * * LOW HITPOINT WARNING * * *
You are more poisoned.
The water moccasin poisons you! The white imp misses you.
The water moccasin bites you but does no damage.
You closely miss the white imp.
The white imp is moderately wounded.
You feel very sick. The water moccasin closely misses you.
The white imp hits you but does no damage.
You closely miss the white imp.
The white imp is moderately wounded.
You feel very sick. The water moccasin barely misses you.
The white imp barely misses you.
You hit the white imp.
The white imp is almost dead.
You feel sick. The water moccasin barely misses you.
The white imp barely misses you.
The water moccasin bites you but does no damage.
You sock the white imp!
You kill the white imp!
Trog accepts your kill.
You feel sick. The water moccasin bites you.
* * * LOW HITPOINT WARNING * * *
You feel sick. The water moccasin bites you.
You die...

.########### .#
####### .# #.....#
.# #.###.# .# #.#
#.# .# #.# #.# .#
#.# #.#
.############.###S#
.....†..........@>#
#############.#####
≈≈≈.## #.# #≈≈≈.###
#.# ∩_...'.# #.#
#≈≈≈.#.## #.#
≈≈≈.##..# #.#
#######.# #.# #.#
#.# #.#


You could see a water moccasin.

Vanquished Creatures
  Prince Ribbit (D:5)
  Grinder (D:4)
  Sigmund (D:5)
  A phantom (D:2)
  A bullfrog (D:6)
  A crimson imp (D:5)
  2 hounds (D:5)
  A jelly (D:5)
  2 bullfrog skeletons
  A gnoll shaman (D:5)
  An iguana (D:5)
  2 orc wizards (D:3)
  3 hound skeletons (D:4)
  8 gnolls
  9 adders
  A river rat (D:4)
  2 white imps (D:5)
  An ufetubus (D:4)
  5 worms
  4 dart slugs
  5 orcs
  15 endoplasms
  6 giant cockroaches
  7 goblins
  7 hobgoblins
  18 jackals
  7 quokkas
  4 ball pythons
  10 bats
  5 frilled lizards
  7 kobolds
  2 rats (D:1)
141 creatures vanquished.

Notes
Turn   | Place    | Note
-------+----------+-------------------------------------------
     0 | D:1      | a11behringer the Troll Berserker began the quest for the
                  | Orb.
     0 | D:1      | Reached XP level 1. HP: 22/22 MP: 0/0
    56 | D:1      | Found Waups's Distillery.
    75 | D:1      | Reached skill level 3 in Maces & Flails
   118 | D:1      | Reached XP level 2. HP: 22/29 MP: 1/1
   210 | D:1      | Found a faded altar of an unknown god.
   292 | D:1      | Reached ** piety under Trog
   522 | D:1      | Reached XP level 3. HP: 36/36 MP: 2/2
   919 | D:2      | Noticed a phantom
   933 | D:2      | Killed a phantom
   934 | D:2      | Reached skill level 4 in Maces & Flails
   934 | D:2      | Reached XP level 4. HP: 44/44 MP: 3/3
   939 | D:2      | Found Joavi's Jewellery Emporium.
  1357 | D:2      | Reached XP level 5. HP: 42/52 MP: 4/4
  1604 | D:2      | Reached skill level 1 in Armour
  2087 | D:3      | Found a glowing silver altar of Zin.
  2089 | D:3      | Found Zin's Purification Station.
  2812 | D:4      | Reached *** piety under Trog
  2818 | D:4      | Found a glowing drain.
  2822 | Sewer    | Entered a sewer
  2832 | Sewer    | Reached skill level 5 in Maces & Flails
  3193 | Sewer    | Reached XP level 6. HP: 36/61 MP: 5/5
  3519 | D:4      | Found a staircase to the Ecumenical Temple.
  3554 | D:4      | Noticed Grinder
  3567 | D:4      | Killed Grinder
  3568 | D:4      | Reached XP level 7. HP: 67/67 MP: 6/6
  3981 | D:5      | Entered Level 5 of the Dungeon
  4285 | D:5      | Reached skill level 6 in Maces & Flails
  4497 | D:5      | Noticed Sigmund
  4517 | D:5      | Noticed Prince Ribbit
  4836 | D:5      | Killed Sigmund
  4895 | D:5      | Reached XP level 8. HP: 71/76 MP: 7/7
  5115 | D:5      | Found a burning altar of Makhleb.
  5189 | D:5      | Killed Prince Ribbit
  5190 | D:5      | Reached skill level 7 in Maces & Flails
  5238 | D:5      | HP: 2/78 [water moccasin (4)]
  5239 | D:5      | Slain by a water moccasin

Illustrated notes

Levels and vault maps discovered:
D:1:      dpeg_arrival_prison, layout_basic,
          hellmonk_ecumenical_altar_heavens_door, serial_shops, shop,
          minmay_split_cup_large
D:2:      layout_basic, serial_shops, nicolae_shop_advertising_works
          [nicolae_subvault_shop_adworks]
D:3:      layout_basic, zin_purify
D:4:      layout_basic, minmay_temple_entry_stoned_glass, gup_sewer_entry_bowl,
          uniq_grinder
D:5:      layout_basic, makhleb_grotto_becter, uniq_sigmund, uniq_prince_ribbit1
D:6:      layout_cave_pools, minitemple, kennysheep_generic_room_11

Skill      XL: |  1  2  3  4  5  6  7  8 |
---------------+-------------------------+-----
Maces & Flails | 3 4 5 6 7 |  7.2
Fighting       | 3 |  3.8
Armour         | 1 2 3 4 |  4.4
Dodging        | 3 |  3.2

Action                   |  1- 3 |  4- 6 |  7- 9 || total
-------------------------+-------+-------+-------++-------
Melee: Mace              |    98 |   308 |   190 ||   596
Invok: Berserk           |     2 |     4 |     3 ||     9
       Trog's Hand       |     1 |     2 |     3 ||     6
  Use: Potion            |       |     1 |       ||     1
       Scroll            |       |       |    10 ||    10
 Stab: Sleeping          |     1 |       |       ||     1
Armor: Animal skin       |    20 |       |       ||    20
       Pearl dragon scal |    65 |   359 |   129 ||   553
Dodge: Dodged            |    78 |   236 |   103 ||   417

Table legend: (Time is in decaauts)
 A = Elapsed time spent in this place.
 B = Non-inter-level travel time spent in this place.
 C = Inter-level travel time spent in this place.
 D = Time resting spent in this place.
 E = Time spent auto-exploring this place.
 F = Levels seen in this place.
 G = Mean time per level.
                   A        B        C        D        E       F      G
               +--------+--------+--------+--------+--------+-----+--------+
         Total |   5501 |   5054 |    447 |      0 |   3819 |   7 |  785.9 |
       Dungeon |   4963 |   4516 |    447 |      0 |   3463 |   6 |  827.2 |
         Sewer |    538 |    538 |      0 |      0 |    356 |   1 |  538.0 |
               +--------+--------+--------+--------+--------+-----+--------+

Top non-repeatable levels by time:
     D:5: 1231 daAuts
     D:3: 1065 daAuts
     D:1: 938 daAuts
     D:4: 924 daAuts
     D:2: 772 daAuts
   Sewer: 538 daAuts
     D:6: 31 daAuts
